 Dungeon Crawl Stone Soup version 0.30-a0-591-g3c58d2bc28 (webtiles) character file.

Game seed: 37697711278652830

288 bmack86 the Shield-Bearer (level 6, -12/56 HPs)
             Began as a Minotaur Fighter on Jan 5, 2023.
             Mangled by an ogre
             ... wielding a +0 giant club
              (17 damage)
             ... on level 4 of the Dungeon.
             The game lasted 00:07:42 (2273 turns).

bmack86 the Shield-Bearer (Minotaur Fighter)        Turns: 2273, Time: 00:07:42

Health: -12/56     AC: 16    Str: 22    XL:     6   Next: 9%
Magic:  5/5        EV:  7    Int:  5    God:
Gold:   225        SH:  6    Dex: 10    Spells: 5/5 levels left

rFire   . . .      SeeInvis .    s - +2 war axe (drain)
rCold   . . .      Faith    .    c - +1 buckler
rNeg    . . .      Spirit   .    k - +0 chain mail
rPois   .          Reflect  .    (helmet restricted)
rElec   .          Harm     .    n - +2 cloak
rCorr   .          Rampage  .    (no gloves)
Will    .....                    q - +2 pair of boots Stlth
                                 (no amulet)
HPRegen 0.29/turn                (no ring)
MPRegen 0.09/turn                (no ring)

@: no status effects
A: horns 2, retaliatory headbutt
a: no special abilities


You were on level 4 of the Dungeon.
You visited 1 branch of the dungeon, and saw 4 of its levels.

You collected 225 gold pieces.

Inventory:

Hand Weapons
 a - a +0 war axe
 s - a +2 war axe of draining (weapon)
Armour
 b - a +0 scale mail
 c - a +1 buckler (worn)
 k - a +0 chain mail (worn)
 n - a +2 cloak (worn)
 q - a +2 pair of boots (worn)
Scrolls
 g - a scroll of fear {unknown}
 h - a scroll of identify
 j - a scroll of vulnerability
 l - a scroll of summoning {unknown}
 m - 2 scrolls of immolation {unknown}
 o - a scroll of amnesia {unknown}
 r - a scroll of silence {unknown}
Potions
 d - 2 potions of flight
 e - a potion of heal wounds
 f - 2 potions of mutation
 i - a potion of magic
 p - 2 potions of lignification {unknown}
 t - a potion of ambrosia {unknown}


   Skills:
 + Level 5.6 Fighting
 - Level 2.4 Axes
 + Level 5.6 Armour
 + Level 5.6 Shields


You had 5 spell levels left.
You didn't know any spells.
Your spell library contained the following spells:

 Spells                   Type           Power      Damage    Failure   Level
 Magic Dart               Conj           0%         1d3       99%         1
 Searing Ray              Conj           0%         2d4       100%        2
 Fulminant Prism          Conj/Hex       0%         3d5       100%        4


Dungeon Overview and Level Annotations

Branches:
Dungeon (4/15)
 Temple: D:4-7

Altars:
The Shining One


Innate Abilities, Weirdness & Mutations

You have a pair of horns on your head.
You reflexively headbutt those who attack you in melee.


Message History

Found 14 gold pieces and a sapphire potion.
There is a stone staircase leading up here.
Found 2 javelins and a scroll of identify.
You feel yourself speed up.
Found 15 gold pieces.
Found a glowing golden altar of the Shining One.
A kobold comes into view. It is wielding a +0 whip.
Found a dagger.
The ball python hisses angrily.
The kobold shouts!
You hear a shout!
The kobold moves out of view.
An ogre comes into view. It is wielding a +0 giant club.
Found 27 gold pieces.
The ogre shouts!
The water moccasin hisses angrily.
An adder comes into view.
You see here 2 javelins.
You hit the kobold.
You kill the kobold!
An orc comes into view. It is wielding a +0 short sword.
The orc shouts!
You slash the ogre! You drain the ogre. You headbutt the ogre.
The ogre is severely wounded.
You hear a shout!
The ogre hits you with a +0 giant club!!
A goblin comes into view. It is wielding a +0 trident.
You closely miss the ogre.
The ogre is severely wounded.
The goblin shouts!
An orc wizard comes into view. It is wielding a +1 dagger of venom.
The ogre hits you with a +0 giant club!!
* * * LOW HITPOINT WARNING * * *
You barely miss the ogre.
The orc wizard shouts!
You headbutt the ogre.
The ogre is severely wounded.
The orc wizard gestures wildly while chanting.
The orc wizard flickers and vanishes!
Deactivating autopickup; reactivate with Ctrl-A.
The ogre hits you with a +0 giant club!
You die...

#.##.### #.# #......#
#.# ###### #####..#
#.###.#
#.....##......#
#.....#
#...<...†)###.##.##
#.###....##.#?....##.#
........###.###.####.#
#######..##.# #.# ...
.....F##@##.# #.# ###
##.##S8#O##.# #.. #.
#SY#S##.# ### K
..$K#o...# ....$_#g..
....).#... #.##$$#.#.#
#. #.8#{{.#


You could see a water moccasin, an ice beast, an ogre (drained), a bullfrog, an
adder, an orc, a goblin, a ball python and a kobold.

Vanquished Creatures
  A necrophage (D:3)
  Jessica (D:2)
  Natasha (D:4)
  Robin (D:3)
  An adder (D:3)
  5 gnolls
  A worm (D:3)
  2 dart slugs
  3 orcs (D:3)
  4 bats
  4 endoplasms
  3 giant cockroaches
  19 goblins
  10 hobgoblins
  3 jackals (D:1)
  5 quokkas
  3 ball pythons
  3 frilled lizards
  14 kobolds
  9 rats
93 creatures vanquished.

Vanquished Creatures (others)
  4 plants (D:1)
4 creatures vanquished.

Grand Total: 97 creatures vanquished

Notes
Turn   | Place    | Note
-------+----------+-------------------------------------------
     0 | D:1      | bmack86 the Minotaur Fighter began the quest for the Orb.
     0 | D:1      | Reached XP level 1. HP: 19/19 MP: 0/0
    84 | D:1      | Reached XP level 2. HP: 21/27 MP: 1/1
   423 | D:1      | Reached XP level 3. HP: 33/33 MP: 2/2
  1211 | D:2      | Noticed Jessica
  1215 | D:2      | Killed Jessica
  1216 | D:2      | Reached XP level 4. HP: 41/41 MP: 3/3
  1477 | D:2      | Found a faded altar of an unknown god.
  1576 | D:3      | Noticed a necrophage
  1587 | D:3      | Killed a necrophage
  1588 | D:3      | Reached skill level 5 in Fighting
  1588 | D:3      | Reached skill level 5 in Armour
  1588 | D:3      | Reached skill level 5 in Shields
  1588 | D:3      | Reached XP level 5. HP: 47/48 MP: 4/4
  1739 | D:3      | Noticed Robin
  1751 | D:3      | Killed Robin
  2249 | D:4      | Noticed Natasha
  2257 | D:4      | Killed Natasha
  2258 | D:4      | Reached XP level 6. HP: 39/56 MP: 5/5
  2263 | D:4      | Noticed an ice beast
  2265 | D:4      | Found a glowing golden altar of the Shining One.
  2268 | D:4      | Noticed a water moccasin
  2273 | D:4      | Mangled by an ogre

Illustrated notes

Levels and vault maps discovered:
D:1:      minmay_arrival_doors, layout_basic, serial_co_window_serial,
          co_window_paths_a, co_window_paths_a, co_window_paths_b,
          co_window_corner_a, co_window_paths_a, co_window_corner_a,
          co_window_cross_1, co_window_unsneaky_path_d, co_window_paths_c,
          co_window_broadway_a, co_window_unsneaky_path_d,
          co_window_unsneaky_path_a, glass_columns_c, minmay_misc_feat_hallway,
          lexackson_kobold_supper
D:2:      layout_rooms, shapermc_ecumenical_altar_petra,
          kennysheep_cross_bottleneck, uniq_jessica
D:3:      layout_rooms, uniq_robin
D:4:      layout_loops_ring, gammafunk_temple_overflow_arena,
          ebering_ghost_rock_garden, uniq_natasha

Skill      XL: |  1  2  3  4 |
---------------+-------------+-----
Fighting       | 4 5 |  5.6
Armour         | 4 5 |  5.6
Shields        | 4 5 |  5.6
Axes           | |  2.4

Action                   |  1- 3 |  4- 6 || total
-------------------------+-------+-------++-------
Melee: War axe           |    65 |   100 ||   165
       Headbutt          |     8 |    13 ||    21
  Use: Scroll            |     1 |    10 ||    11
       Potion            |       |     1 ||     1
Armor: Scale mail        |    28 |       ||    28
       Chain mail        |     8 |    75 ||    83
Dodge: Dodged            |    24 |    46 ||    70
Block: Buckler           |    22 |    30 ||    52

Table legend: (Time is in decaauts)
 A = Elapsed time spent in this place.
 B = Non-inter-level travel time spent in this place.
 C = Inter-level travel time spent in this place.
 D = Time resting spent in this place.
 E = Time spent auto-exploring this place.
 F = Levels seen in this place.
 G = Mean time per level.
                   A        B        C        D        E       F      G
               +--------+--------+--------+--------+--------+-----+--------+
         Total |   2349 |   2349 |      0 |      0 |   1487 |   4 |  587.2 |
       Dungeon |   2349 |   2349 |      0 |      0 |   1487 |   4 |  587.2 |
               +--------+--------+--------+--------+--------+-----+--------+

Top non-repeatable levels by time:
     D:1: 1028 daAuts
     D:2: 580 daAuts
     D:3: 569 daAuts
     D:4: 171 daAuts
